 Dungeon Crawl Stone Soup version 0.31-a0-233-g139696dc86 (webtiles) character file.

Game seed: 11971970914243510167

205 qw the Shooter (level 5, 0/32 HPs)
             Began as a Gargoyle Hexslinger on July 9, 2023.
             Slain by a black bear (4 damage)
             ... on level 5 of the Dungeon.
             The game lasted 00:00:52 (1639 turns).

qw the Shooter (Gargoyle Hexslinger)                Turns: 1639, Time: 00:00:52

Health: 0/32       AC: 10    Str: 10 (12) XL:     5   Next: 83%
Magic:  6/6        EV: 10    Int: 10 (13) God:
Gold:   38         SH:  0    Dex: 11 (14) Spells: 5/6 levels left

rFire   + . .        b - +1 sling (heavy)
rCold   . . .        (no shield)
rNeg    + + .        c - +0 ring mail
rPois   inf          (no helmet)
rElec   +            (no cloak)
rCorr   .            (no gloves)
SInv    .            k - +0 pair of boots
Will    .....        (no amulet)
Stlth   +            j - ring of protection from fire
HPRegen 0.25/turn    a - ring of positive energy
MPRegen 0.10/turn

%: no passive effects
@: no status effects
A: sickness immunity, AC +4, negative energy resistance 1, electricity
resistance, torment resistance 1, petrification resistance
a: no special abilities


You were on level 5 of the Dungeon.
You visited 1 branch of the dungeon, and saw 5 of its levels.

You collected 142 gold pieces.
You spent 104 gold pieces at shops.


Innate Abilities, Weirdness & Mutations

You are immune to sickness and miasma.
Your stone body is resilient. (AC +4)
You are immune to poison.
You resist negative energy. (rN+)
You are resistant to electric shocks. (rElec)
You are resistant to unholy torment.
You are immune to petrification.


   Skills:
 - Level 3.1 Fighting
 - Level 5.1 Ranged Weapons
 + Level 0.0 Armour
 - Level 1.5 Dodging
 - Level 1.0 Spellcasting
 - Level 2.6 Hexes


You had 5 spell levels left.
You knew the following spells:

 Your Spells              Type           Power      Damage    Failure   Level
a - Slow                  Hex            20%        N/A       30%         1

Your spell library contained the following spells:

 Spells                   Type           Power      Damage    Failure   Level
 Inner Flame              Hex/Fire       3%         N/A       83%         3
 Portal Projectile        Hex/Tloc       6%         N/A       83%         3
 Cause Fear               Hex            2%         N/A       96%         4

Inventory:

Hand Weapons
 b - a +1 heavy sling (weapon)
Armour
 c - a +0 ring mail (worn)
 k - a +0 pair of boots (worn)
Jewellery
 a - a ring of positive energy (right hand)
 j - a ring of protection from fire (left hand)
Scrolls
 h - a scroll of identify
Potions
 d - a potion of curing
 e - a potion of mutation {unknown}
 f - a potion of resistance {unknown}

Dungeon Overview and Level Annotations

Branches:
Dungeon (6/15)
 Temple: D:4-7

Altars:
Fedhas

Shops:
D:2 ?


Message History

The black bear claws you but does no damage.
The black bear barely misses you.
The black bear bites you but does no damage.
The black bear claws you but does no damage. x2
You shoot a sling bullet. The sling bullet hits the black bear.
The black bear is lightly wounded.
The black bear bites you. The black bear claws you.
The black bear claws you but does no damage.
The black bear bites you but does no damage.
The black bear closely misses you.
The black bear claws you but does no damage.
You shoot a sling bullet.
The sling bullet hits the black bear but does no damage.
The black bear is lightly wounded.
The black bear barely misses you.
The black bear claws you but does no damage. x2
The black bear bites you but does no damage.
The black bear barely misses you.
The black bear claws you but does no damage.
You shoot a sling bullet. The sling bullet hits the black bear!
The black bear is severely wounded.
The black bear bites you!
The black bear claws you but does no damage.
The black bear claws you. The black bear closely misses you.
The black bear claws you but does no damage. x2
You shoot a sling bullet. The sling bullet hits the black bear.
The black bear is severely wounded.
The black bear goes berserk!
The black bear bites you.
The black bear claws you but does no damage.
The black bear completely misses you.
You shoot a sling bullet. The sling bullet hits the black bear.
The black bear is almost dead.
The black bear closely misses you. The black bear barely misses you.
The black bear closely misses you. The black bear bites you.
The black bear barely misses you.
The black bear claws you but does no damage.
You shoot a sling bullet. The sling bullet hits the black bear!
The black bear is almost dead.
The black bear bites you.
You die...

# .# ####.#
###....####
#...h......
#@....#
#####.#


You could see a black bear (berserk).

Vanquished Creatures
  Natasha (D:2)
  13 adders
  2 worms (D:3)
  A dart slug (D:1)
  2 orcs (D:3)
  5 bats
  6 endoplasms
  2 giant cockroaches
  5 goblins
  2 hobgoblins (D:1)
  7 kobolds
  A quokka (D:3)
  6 ball pythons
  8 frilled lizards
  A rat (D:1)
62 creatures vanquished.

Notes
Turn   | Place    | Note
-------+----------+-------------------------------------------
     0 | D:1      | qw the Gargoyle Hexslinger began the quest for the Orb.
     0 | D:1      | Reached XP level 1. HP: 12/12 MP: 2/2
     0 | D:1      | 0 ||| qw: Version: 0.3-a-51-g015441d
     0 | D:1      | 0 ||| qw: Game counter: 3788
     0 | D:1      | 0 ||| qw: Melee chars always use a shield: true
     0 | D:1      | 0 ||| qw: God list: Okawaru
     0 | D:1      | 0 ||| qw: Allow faded altars: false
     0 | D:1      | 0 ||| qw: Do Orc after clearing Dungeon:15 true
     0 | D:1      | 0 ||| qw: Do second Lair branch before Depths: true
     0 | D:1      | 0 ||| qw: Lair rune preference: random
     0 | D:1      | 0 ||| qw: Goals: Normal
     0 | D:1      | 0 ||| PLANNING D:1-11
   146 | D:1      | Reached XP level 2. HP: 16/16 MP: 3/3
   213 | D:1      | Reached skill level 3 in Ranged Weapons
   334 | D:1      | Found a faded altar of an unknown god.
   430 | D:1      | 430 ||| UPGRADING to +0 pair of boots.
   435 | D:1      | 435 ||| UPGRADING to ring of protection from fire.
   436 | D:1      | 436 ||| READING scroll labelled KENKEZ MINGIT.
   437 | D:1      | 437 ||| READING scroll labelled CUATHATELE.
   438 | D:1      | 438 ||| READING scroll labelled SACAMN CORETS.
   439 | D:1      | 439 ||| DROPPING scroll of poison.
   492 | D:2      | Reached XP level 3. HP: 21/21 MP: 4/4
   543 | D:2      | Reached XP level 4. HP: 26/26 MP: 5/5
   565 | D:2      | Reached skill level 4 in Ranged Weapons
   800 | D:2      | Noticed Natasha
   804 | D:2      | Killed Natasha
   805 | D:2      | Reached XP level 5. HP: 26/30 MP: 6/6
  1106 | D:2      | Found Viocet's Magic Scroll Boutique.
  1112 | D:2      | 1112 ||| BUYING scroll of brand weapon (104 gold).
  1112 | D:2      | Bought a scroll of brand weapon for 104 gold pieces
  1112 | D:2      | 1112 ||| SHOPLISTING scroll of enchant weapon (82 gold,
                  | have 12).
  1112 | D:2      | 1112 ||| SHOPLISTING scroll of identify (22 gold, have 12).
  1112 | D:2      | 1112 ||| READING scroll of brand weapon.
  1112 | D:2      | 1112 ||| BRANDING +1 sling.
  1130 | D:2      | Reached skill level 5 in Ranged Weapons
  1385 | D:2      | 1385 ||| UPGRADING to +0 leather armour.
  1395 | D:2      | 1395 ||| DROPPING +0 robe.
  1396 | D:2      | 1396 ||| UPGRADING to ring of positive energy.
  1397 | D:2      | 1397 ||| READING scroll labelled DAMUXT NELAS.
  1398 | D:2      | 1398 ||| READING scroll labelled KORYBI PAFOSOOF.
  1399 | D:2      | 1399 ||| READING scroll labelled QATONOCUST.
  1400 | D:2      | 1400 ||| DRINKING 2 puce potions.
  1408 | D:2      | 1408 ||| DRINKING 2 fizzy black potions.
  1409 | D:2      | 1409 ||| DRINKING 2 viscous inky potions.
  1410 | D:2      | 1410 ||| DROPPING potion of ambrosia.
  1411 | D:2      | 1411 ||| DROPPING potion of attraction.
  1447 | D:3      | Found a blossoming altar of Fedhas.
  1515 | D:3      | Reached skill level 3 in Fighting
  1604 | D:3      | You fall into a shaft and drop 3 floors!
  1605 | D:6      | 1605 ||| UPGRADING to +0 ring mail.
  1615 | D:6      | 1615 ||| DROPPING +0 leather armour.
  1616 | D:6      | 1616 ||| DRINKING 2 blue potions.
  1617 | D:6      | 1617 ||| DRINKING 3 silvery potions.
  1618 | D:6      | 1618 ||| DROPPING 2 potions of degeneration.
  1622 | D:6      | Noticed a black bear
  1623 | D:6      | 1623 ||| FLEEEEING.
  1624 | D:6      | 1624 ||| FLEEEEING.
  1625 | D:6      | 1625 ||| FLEEEEING.
  1626 | D:6      | 1626 ||| STAIRDANCE
  1627 | D:5      | Entered Level 5 of the Dungeon
  1629 | D:5      | HP: 8/32 [black bear (3)]
  1630 | D:5      | 1630 ||| DRINKING potion of heal wounds.
  1637 | D:5      | HP: 8/32 [black bear (1)]
  1639 | D:5      | Slain by a black bear

Levels and vault maps discovered:
D:1:      dpeg_arrival_shelter, layout_basic,
          hellmonk_ecumenical_altar_inner_sanctum, solitary_fountain
D:2:      layout_basic, serial_shops, nicolae_shop_crystal,
          kennysheep_decorative_pillar, grunt_decor_junction, dk_noncrumbling_3,
          minmay_snake_closets, uniq_natasha
D:3:      minmay_bubble_buster, layout_basic, mainiacjoe_overflow_brackets,
          nicolae_hepliaklqana_hazy_memory, grunt_dithmenos_smoke, serial_shops,
          nicolae_shop_rolling_square, minmay_ogre_servants, uniq_robin
D:5:      layout_loops_ring, serial_shops, nicolae_shop_window_shopping,
          chequers_avenue, uniq_sigmund
D:6:      layout_cave_pools, mainiacjoe_overflow_chevrons,
          gammafunk_ghost_grave, uniq_duvessa

Skill      XL: |  1  2  3  4  5 |
---------------+----------------+-----
Ranged Weapons | 3 4 5 |  5.1
Fighting       | 2 3 |  3.1
Dodging        | |  1.5
Spellcasting   | |  1.0
Hexes          | |  2.6

Action                     |  1- 3 |  4- 6 || total
---------------------------+-------+-------++-------
   Fire: Sling             |    64 |   129 ||   193
    Use: Scroll            |     3 |     4 ||     7
         Potion            |       |     6 ||     6
 Armour: Robe              |    15 |    20 ||    35
         Ring mail         |       |    27 ||    27
         Leather armour    |       |    14 ||    14
  Dodge: Dodged            |    24 |    89 ||   113

Table legend:
 A = Non-vault XP
 B = Vault XP
 C = Vault XP percentage of total XP
 D = Non-vault monster count
 E = Vault monster count
 F = Vault count percentage of total count
                 A         B        C        D         E       F
            +---------+---------+-------+---------+---------+-------
      Total |      94 |     200 |  68.0 |      39 |      23 |  37.1
            +---------+---------+-------+---------+---------+-------
        D:1 |      30 |       0 |   0.0 |      17 |       0 |   0.0
        D:2 |      35 |     156 |  81.7 |      15 |      12 |  44.4
        D:3 |      29 |      44 |  60.3 |       7 |      11 |  61.1
            +---------+---------+-------+---------+---------+-------
